 Dungeon Crawl Stone Soup version 0.21.0-24-g2553a33 (webtiles) character file.

616 BecksGhost the Shield-Bearer (level 7, -2/44 HPs)
             Began as a Gargoyle Fighter on Jan 21, 2018.
             Was an Initiate of Okawaru.
             Slain by an ogre
             ... wielding a +0 giant club
              (13 damage)
             ... on level 5 of the Dungeon.
             The game lasted 00:06:07 (4707 turns).

BecksGhost the Shield-Bearer (Gargoyle Fighter)     Turns: 4707, Time: 00:06:08

Health: -2/44      AC: 15    Str: 21    XL:     7   Next: 45%
Magic:  7/7        EV:  6    Int:  9    God:    Okawaru [......]
Gold:   138        SH: 10    Dex:  9    Spells: 6/6 levels left

rFire    . . .     SeeInvis .   a - +0 flail
rCold    . . .     Gourm    .   c - +0 shield
rNeg     + . .     Faith    .   j - +0 chain mail (curse)
rPois    ∞         Spirit   .   (no helmet)
rElec    +         Reflect  .   (no cloak)
rCorr    .         Harm     .   d - +0 pair of gloves
MR       .....                  (no boots)
Stlth    ..........             (no amulet)
HPRegen  0.14/turn              (no ring)
MPRegen  0.10/turn              (no ring)

@: no status effects
A: negative energy resistance 1, electricity resistance, unbreathing,
petrification resistance, rot immunity, AC +4
a: Renounce Religion


You were on level 5 of the Dungeon.
You worshipped Okawaru.
Okawaru was noncommittal.
You were hungry.

You visited 2 branches of the dungeon, and saw 6 of its levels.

You collected 138 gold pieces.

Inventory:

Hand Weapons
 a - a +0 flail (weapon)
Armour
 b - a +0 scale mail
 c - a +0 shield (worn)
 d - a +0 pair of gloves (worn)
 j - a cursed +0 chain mail (worn)
Scrolls
 e - a scroll of noise {unknown}
 g - 2 scrolls of blinking {unknown}
 i - 2 scrolls of remove curse {unknown}
 k - 2 scrolls of fear {unknown}
 l - 3 scrolls of teleportation {unknown}
 q - 2 scrolls of identify {unknown}
 r - 2 scrolls of amnesia {unknown}
 s - a scroll of fog {unknown}
 u - a scroll of enchant armour {unknown}
Potions
 h - 2 potions of flight
 m - 2 potions of lignification {unknown}
 n - a potion of mutation {unknown}
 o - 4 potions of curing {unknown}
 t - 2 potions of degeneration {unknown}
 v - a potion of agility {unknown}
 x - 2 potions of resistance
Comestibles
 f - 2 rations
 p - 2 chunks of flesh


   Skills:
 + Level 4.4 Fighting
 + Level 4.7 Maces & Flails
 + Level 5.1 Armour
 + Level 1.1 Dodging
 - Level 0.2 Stealth
 + Level 5.6 Shields


You had 6 spell levels left.
You didn't know any spells.

Dungeon Overview and Level Annotations

Branches:
Dungeon (5/15)             Temple (1/1) D:4

Altars:
Dithmenos
Fedhas
Gozag
Hepliaklqana
Kikubaaqudgha
Okawaru
Sif Muna
Trog
Uskayaw
Vehumet
Wu Jian
Xom
Zin
The Shining One


Innate Abilities, Weirdness & Mutations

You are resistant to torment.
Your stone body is resilient. (AC +4)
You are immune to poison.
You resist negative energy. (rN+)
You are resistant to electric shocks. (rElec)
You can survive without breathing.
You are immune to petrification.
You are immune to rotting.


Message History

You hear the slow rusting of a very distant drain.
You are feeling hungry.
A shadow imp comes into view.
The shadow imp shouts!
A worker ant zombie comes into view.
The worker ant zombie bites you but does no damage.
Found a stone staircase leading up.
The iguana hisses menacingly.
The worker ant zombie barely misses you.
The worker ant zombie bites you.
* * * LOW HITPOINT WARNING * * *
A rat comes into view.
The rat moves out of view.
A ball python comes into view.
The ball python hisses angrily.
A rat comes into view.
A ball python comes into view.
The shadow imp sputters.
The ogre hits you with a giant club!
You die...

..# ##......#**..# .##
###.......##**.# ##
*#..........# **#
**...........#
***,..........5##
*,,,............#
,,,,...........l#
,,,,..........ZO##
,,,,............@#*****
,,,,..................#
,,,,,...........S####.#*
*,,,,.............,,,,,*
**,,,,............r,≈,≈*
**,,,.......#.....≈≈≈≈*
**,,,.....##...≈SrS≈≈*
*****####*#....r#++**
**,,≈≈*≈≈≈*


You could see an ogre, an iguana, a river rat (wandering), a shadow imp, a
worker ant zombie and 2 ball pythons.

Vanquished Creatures
  Sigmund (D:3)
  Purgy (D:3)
  3 scorpions
  A centaur skeleton (D:4)
  An iguana (D:5)
  9 adders
  3 oozes
  A dart slug (D:1)
  3 leopard geckos
  2 orcs
  3 giant cockroaches (D:3)
  7 goblins
  8 hobgoblins
  2 jackals (D:2)
  3 quokkas
  6 bats
  3 frilled lizards
  A jackal skeleton (D:4)
  13 kobolds
  A quokka skeleton (D:4)
  5 rats
77 creatures vanquished.

Vanquished Creatures (others)
  A leopard gecko (D:2)
1 creature vanquished.

Grand Total: 78 creatures vanquished

Notes
Turn   | Place    | Note
-------+----------+-------------------------------------------
     0 | D:1      | BecksGhost the Gargoyle Fighter began the quest for the Orb.
     0 | D:1      | Reached XP level 1. HP: 14/14 MP: 1/1
   247 | D:1      | Reached XP level 2. HP: 13/19 MP: 2/2
   828 | D:1      | Reached XP level 3. HP: 16/23 MP: 3/3
  1468 | D:2      | Reached XP level 4. HP: 23/29 MP: 4/4
  1723 | D:2      | Found a radiant altar of Vehumet.
  2222 | D:2      | Reached XP level 5. HP: 30/33 MP: 5/5
  2833 | D:3      | Noticed Purgy
  2852 | D:3      | Killed Purgy
  3033 | D:3      | Reached XP level 6. HP: 38/38 MP: 6/6
  3216 | D:3      | Noticed Sigmund
  3238 | D:3      | Killed Sigmund
  3238 | D:3      | Reached skill level 1 in Dodging
  3238 | D:3      | Reached skill level 5 in Shields
  3491 | D:3      | Found a deep blue altar of Sif Muna.
  3793 | D:4      | Reached XP level 7. HP: 36/43 MP: 7/7
  4252 | D:4      | Reached skill level 5 in Armour
  4279 | D:4      | Found a staircase to the Ecumenical Temple.
  4364 | Temple   | Entered the Ecumenical Temple
  4482 | Temple   | Became a worshipper of Warmaster Okawaru
  4530 | D:5      | Entered Level 5 of the Dungeon
  4534 | D:5      | Found an opulent altar of Gozag.
  4707 | D:5      | Slain by an ogre

Skill      XL: |  1  2  3  4  5  6  7 |
---------------+----------------------+-----
Armour         | 4 5 |  5.1
Shields        | 4 5 |  5.6
Maces & Flails | 3 4 |  4.7
Fighting       | 4 |  4.4
Dodging        | 1 |  1.1
Stealth        | |  0.2

Action                   |  1- 3 |  4- 6 |  7- 9 || total
-------------------------+-------+-------+-------++-------
Melee: Flail             |   167 |   195 |    79 ||   441
  Use: Potion            |     2 |     1 |       ||     3
       Scroll            |       |     1 |     1 ||     2
  Eat: Chunk             |     2 |     7 |       ||     9
       Ration            |       |       |     1 ||     1
Armor: Scale mail        |    47 |       |       ||    47
       Chain mail        |    93 |   134 |    40 ||   267
Dodge: Dodged            |    62 |    50 |    26 ||   138
Block: Shield            |   115 |   105 |    40 ||   260
